 Dungeon Crawl Stone Soup version 0.30.0-20-g3615ddf2f0 (webtiles) character file.

Game seed: 2464449215575899049

43 qw the Chopper (level 3, -6/23 HPs)
             Began as a Gargoyle Fighter on May 28, 2023.
             Mangled by a gnoll
             ... wielding a +0 halberd
              (11 damage)
             ... on level 2 of the Dungeon.
             The game lasted 00:00:31 (1073 turns).

qw the Chopper (Gargoyle Fighter)                   Turns: 1073, Time: 00:00:31

Health: -6/23      AC: 12    Str: 21    XL:     3   Next: 58%
Magic:  3/3        EV:  7    Int:  8    God:
Gold:   28         SH:  9    Dex:  9    Spells: 2/2 levels left

rFire   . . .        Y - +0 war axe
rCold   . . .        c - +0 buckler
rNeg    + . .        l - +0 chain mail
rPois   inf          (no helmet)
rElec   +            (no cloak)
rCorr   .            (no gloves)
SInv    .            (no boots)
Will    .....        g - amulet of reflection Stlth
                     (no ring)
HPRegen 0.23/turn    (no ring)
MPRegen 0.08/turn

%: reflection
@: no status effects
A: sickness immunity, AC +3, negative energy resistance 1, electricity
resistance, torment resistance 1, petrification resistance
a: no special abilities


You were on level 2 of the Dungeon.
You visited 1 branch of the dungeon, and saw 2 of its levels.

You collected 28 gold pieces.


Innate Abilities, Weirdness & Mutations

You are immune to sickness and miasma.
Your stone body is resilient. (AC +3)
You are immune to poison.
You resist negative energy. (rN+)
You are resistant to electric shocks. (rElec)
You are resistant to unholy torment.
You are immune to petrification.


   Skills:
 - Level 3.2 Fighting
 + Level 3.5 Axes
 - Level 3.2 Armour
 - Level 3.2 Shields


You had 2 spell levels left.
You didn't know any spells.
Your spell library was empty.

Inventory:

Hand Weapons
 j - a +0 club
 Y - a +0 war axe (weapon)
Armour
 c - a +0 buckler (worn)
 l - a +0 chain mail (worn)
Jewellery
 g - an amulet of reflection (around neck)
Potions
 a - a potion of degeneration {unknown}
 d - 2 potions of might
 f - a potion of attraction {unknown}
 i - a potion of haste {unknown}
 k - a potion of resistance {unknown}

Dungeon Overview and Level Annotations

Branches:
Dungeon (2/15)

Altars:

Shops:
D:1 ![[

Annotations:
D:1 2 transporters


Message History

Enter note:
Enter note: 2 gnolls come into view.
The gnoll shouts! x2
A gnoll comes into view.
It is wielding a +0 halberd of protection.
You see here 11 gold pieces.
Enter note:
Enter note:
Enter note:
Found a war axe.
Enter note:
Enter note:
Enter note: The gnoll completely misses you.
The gnoll hits you but does no damage.
Enter note:
Enter note:
Enter note: You closely miss the gnoll.
The gnoll hits you with a +0 whip. You block the gnoll's attack.
You slash the gnoll!
You kill the gnoll!
You block the gnoll's attack. You block the gnoll's attack. x2
Enter note:
Enter note:
Enter note: You barely miss the gnoll.
You closely miss the gnoll. The gnoll hits you but does no damage.
The gnoll hits you with a +0 halberd.
The gnoll hits you with a +0 halberd of protection.
The gnoll barely misses you.
You slash the gnoll!
The gnoll is severely wounded.
You hit the gnoll. You block the gnoll's attack.
The gnoll hits you with a +0 halberd!
You hit the gnoll but do no damage.
The gnoll is severely wounded.
You hit the gnoll but do no damage. You block the gnoll's attack.
The gnoll hits you with a +0 halberd. The gnoll hits you with a +0 halberd!
You die...

..# . #.#.# ..<. ##.#.#
....... ....# #........
## #.#.###........
..####.##.#..##.#.......
.......gg...............
#......@#.#.............
..)....)..$.............
#.######.#..#...........
#.###.##...#...... #.#
##............ ##
#.####........ #.
#.###.### #.# #.#
#.###.###


You could see 2 gnolls.

Vanquished Creatures
  An adder (D:2)
  A gnoll (D:2)
  2 dart slugs
  3 ball pythons (D:1)
  2 endoplasms
  A giant cockroach (D:1)
  3 goblins
  A quokka (D:1)
  2 bats (D:1)
  2 frilled lizards
  3 rats
21 creatures vanquished.

Notes
Turn   | Place    | Note
-------+----------+-------------------------------------------
     0 | D:1      | qw the Gargoyle Fighter began the quest for the Orb.
     0 | D:1      | Reached XP level 1. HP: 14/14 MP: 1/1
     0 | D:1      | 0 ||| qw: Version: 0.2-a-100-g4e38944
     0 | D:1      | 0 ||| qw: Game counter: 223
     0 | D:1      | 0 ||| qw: Always use a shield: true
     0 | D:1      | 0 ||| qw: God list: Okawaru
     0 | D:1      | 0 ||| qw: Allow faded altars: false
     0 | D:1      | 0 ||| qw: Do Orc after D:15 true
     0 | D:1      | 0 ||| qw: Do second Lair branch before Depths: true
     0 | D:1      | 0 ||| qw: Lair rune preference: random
     0 | D:1      | 0 ||| qw: Plans: Normal, Zot:1-4, God:TSO, Crypt, Tomb,
                  | Pan, Slime:5, Hells, Abyss, Win
     0 | D:1      | 0 ||| PLANNING D:1-11
    24 | D:1      | Found Jiuf's Antique Armour Emporium.
    30 | D:1      | 30 ||| SHOPLISTING cloak (99 gold, have 0).
    30 | D:1      | 30 ||| SHOPLISTING pair of boots (99 gold, have 0).
   179 | D:1      | Found a transporter.
   179 | D:1      | Found Hidezof's Antique Armour Emporium.
   202 | D:1      | Reached XP level 2. HP: 11/19 MP: 2/2
   380 | D:1      | 380 ||| FLEEEEING.
   381 | D:1      | 381 ||| FLEEEEING.
   382 | D:1      | 382 ||| FLEEEEING.
   499 | D:1      | Found Daseghoj's Distillery.
   511 | D:1      | 511 ||| SHOPLISTING potion of curing (33 gold, have 19).
   511 | D:1      | 511 ||| SHOPLISTING potion of haste (110 gold, have 19).
   511 | D:1      | 511 ||| SHOPLISTING potion of heal wounds (55 gold, have
                  | 19).
   511 | D:1      | 511 ||| SHOPLISTING potion of mutation (88 gold, have 19).
   511 | D:1      | 511 ||| SHOPLISTING potion of resistance (110 gold, have
                  | 19).
   624 | D:1      | 624 ||| Stepping ~*~*~tactically~*~*~ (hiding).
   734 | D:1      | Found a transporter.
   794 | D:1      | 794 ||| UPGRADING to +0 chain mail.
   804 | D:1      | 804 ||| DROPPING +0 scale mail.
   805 | D:1      | 805 ||| UPGRADING to amulet of reflection.
   810 | D:1      | 810 ||| DROPPING ring of flight.
   811 | D:1      | 811 ||| READING 2 scrolls labelled GANWYR VUNU.
   812 | D:1      | 812 ||| DROPPING scroll of blinking.
   983 | D:2      | 983 ||| FLEEEEING.
   984 | D:2      | 984 ||| FLEEEEING.
  1003 | D:2      | Reached skill level 3 in Axes
  1023 | D:2      | Identified the +1 leather armour "Zogajuv" {Str+2}
  1043 | D:2      | Reached XP level 3. HP: 22/23 MP: 3/3
  1073 | D:2      | HP: 5/23 [gnoll/+0 halberd (2)]
  1073 | D:2      | Mangled by a gnoll

Levels and vault maps discovered:
D:1:      dreamdust_arrival_sigmund_warning, layout_basic, serial_shops,
          nicolae_shop_drivethru, nicolae_shop_tiny_statue_garden, shop,
          minmay_crystal_room
D:2:      layout_loops_ring

Skill      XL: |  1  2 |
---------------+-------+-----
Axes           | 2 3 |  3.5
Fighting       | |  3.2
Armour         | |  3.2
Shields        | |  3.2

Action                     || total
---------------------------++-------
  Melee: War axe           ||    68
    Use: Scroll            ||     1
 Armour: Scale mail        ||    12
         Chain mail        ||     9
  Dodge: Dodged            ||    31
  Block: Buckler           ||    25

Table legend:
 A = Non-vault XP
 B = Vault XP
 C = Vault XP percentage of total XP
 D = Non-vault monster count
 E = Vault monster count
 F = Vault count percentage of total count
                 A         B        C        D         E       F
            +---------+---------+-------+---------+---------+-------
      Total |      62 |       0 |   0.0 |      21 |       0 |   0.0
            +---------+---------+-------+---------+---------+-------
        D:1 |      24 |       0 |   0.0 |      14 |       0 |   0.0
        D:2 |      38 |       0 |   0.0 |       7 |       0 |   0.0
            +---------+---------+-------+---------+---------+-------
